[ AOE2 MATCH · #506449809 ]
UnrankedBohemians vs Teutons
Player's team · LOSS
Rival team · WIN
[ REPLAY ANALYSIS · EXTRACTED FROM THE RECORDED GAME ]
Feudal
10:32
Castle
14:41
Imperial
37:17
| APM avg | 54.2 |
| APM peak | 92 |
| eAPM avg | 27.0 |
| Villagers / military | 123 / 75 |
Focus
⚔️ 29.0% · 🌾 71.0%
Hand Cannoneer ×39 · Hussite Wagon ×16 · Monk ×6 · Mangonel ×4 · Trebuchet (Packed) ×4 · Bombard Cannon ×3
Feudal
8:51
Castle
24:22
Imperial
36:40
| APM avg | 41.4 |
| APM peak | 94 |
| eAPM avg | 27.7 |
| Villagers / military | 127 / 134 |
Focus
⚔️ 39.6% · 🌾 60.4%
Militia ×109 · Battering Ram ×18 · Monk ×4 · Teutonic Knight ×3
Match map
Initial resources + every placement click. Lines = walls · curves = elevation contours. ◆ gold · ⬟ stone · ● berries · ✦ relic · ◌ wall gap
Your base· ✓ Closed at 14:41 · 0t walls · 2 gate(s)
eloty's base· ✓ Closed at 24:22 · 0t walls · 2 gate(s)
Smoothed initial terrain · ◌ = detected wall gap · hover for details
Inputs per minute
— Mescal - - eloty
Build order — Mescal
First 150 of 300 actions detected
| 0:00 | Queue | Villager (Male) |
| 0:00 | Queue | Villager (Male) |
| 0:01 | Queue | Villager (Male) |
| 0:01 | Queue | Villager (Male) |
| 0:02 | Queue | Villager (Male) |
| 0:02 | Build | House |
| 0:04 | Build | House |
| 1:33 | Queue | Villager (Male) |
| 1:33 | Queue | Villager (Male) |
| 1:46 | Build | Lumber Camp |
| 1:53 | Queue | Villager (Male) |
| 2:02 | Queue | Villager (Male) |
| 2:41 | Queue | Villager (Male) |
| 3:17 | Queue | Villager (Male) |
| 3:17 | Queue | Villager (Male) |
| 3:24 | Build | House |
| 3:47 | Queue | Villager (Male) |
| 3:47 | Queue | Villager (Male) |
| 3:53 | Build | Mill |
| 4:07 | Queue | Villager (Male) |
| 4:08 | Queue | Villager (Male) |
| 4:24 | Queue | Villager (Male) |
| 4:24 | Queue | Villager (Male) |
| 4:56 | Queue | Villager (Male) |
| 4:57 | Queue | Villager (Male) |
| 5:11 | Build | House |
| 5:16 | Queue | Villager (Male) |
| 5:16 | Queue | Villager (Male) |
| 5:35 | Queue | Villager (Male) |
| 6:00 | Queue | Villager (Male) |
| 6:11 | Queue | Villager (Male) |
| 6:32 | Build | Farm |
| 6:34 | Build | Farm |
| 7:00 | Queue | Villager (Male) |
| 7:04 | Build | Farm |
| 7:15 | Queue | Villager (Male) |
| 7:50 | Queue | Villager (Male) |
| 8:05 | Build | Mining Camp |
| 8:13 | Research | Feudal Age |
| 9:57 | Build | Mining Camp |
| 10:08 | Queue | Villager (Male) |
| 10:32 | Age | Feudal Age |
| 10:34 | Build | Blacksmith |
| 10:38 | Build | Market |
| 10:41 | Build | House |
| 10:47 | Build | House |
| 10:56 | Queue | Villager (Male) |
| 11:03 | Build | House |
| 11:27 | Research | Loom |
| 12:01 | Research | Castle Age |
| 12:01 | Research | Castle Age |
| 12:09 | Build | Watch Tower |
| 13:00 | Queue | Villager (Male) |
| 13:09 | Queue | Villager (Male) |
| 13:23 | Research | Fletching |
| 14:16 | Queue | Villager (Male) |
| 14:19 | Queue | Villager (Male) |
| 14:19 | Queue | Villager (Male) |
| 14:41 | Age | Castle Age |
| 14:53 | Queue | Villager (Male) |
| 15:31 | Queue | Villager (Male) |
| 15:31 | Queue | Villager (Male) |
| 16:35 | Queue | Villager (Male) |
| 17:09 | Queue | Villager (Male) |
| 18:08 | Build | Castle |
| 18:30 | Queue | Villager (Male) |
| 18:30 | Queue | Villager (Male) |
| 18:46 | Build | Farm |
| 19:01 | Queue | Villager (Male) |
| 19:01 | Queue | Villager (Male) |
| 19:19 | Build | Stone Wall |
| 19:21 | Build | Stone Wall |
| 19:40 | Build | Stone Wall |
| 20:08 | Build | Lumber Camp |
| 20:33 | Queue | Hussite Wagon |
| 20:54 | Build | Farm |
| 20:56 | Build | Farm |
| 21:09 | Build | Stone Wall |
| 21:35 | Queue | Hussite Wagon |
| 21:36 | Queue | Villager (Male) |
| 21:40 | Build | Farm |
| 21:41 | Build | Farm |
| 22:01 | Build | Farm |
| 22:04 | Build | Farm |
| 22:11 | Queue | Hussite Wagon |
| 22:33 | Build | Stone Wall |
| 22:35 | Queue | Villager (Male) |
| 22:42 | Build | Watch Tower |
| 22:58 | Queue | Hussite Wagon |
| 23:21 | Queue | Villager (Male) |
| 23:22 | Queue | Villager (Male) |
| 23:22 | Queue | Villager (Male) |
| 23:25 | Build | Farm |
| 23:29 | Build | Farm |
| 23:33 | Queue | Villager (Male) |
| 23:51 | Build | Siege Workshop |
| 24:15 | Queue | Villager (Male) |
| 24:39 | Queue | Battering Ram |
| 24:59 | Queue | Villager (Male) |
| 25:02 | Queue | Mangonel |
| 25:08 | Build | Farm |
| 25:08 | Queue | Villager (Male) |
| 25:27 | Queue | Mangonel |
| 25:39 | Queue | Hussite Wagon |
| 26:39 | Queue | Villager (Male) |
| 26:41 | Queue | Villager (Male) |
| 26:42 | Queue | Villager (Male) |
| 26:44 | Build | Town Center |
| 27:17 | Queue | Villager (Male) |
| 27:17 | Queue | Villager (Male) |
| 27:18 | Queue | Villager (Male) |
| 27:35 | Queue | Villager (Male) |
| 27:35 | Queue | Villager (Male) |
| 27:56 | Build | Monastery |
| 28:05 | Build | Farm |
| 28:10 | Build | Farm |
| 28:12 | Build | Farm |
| 28:12 | Queue | Villager (Male) |
| 28:13 | Queue | Villager (Male) |
| 28:28 | Queue | Monk |
| 28:31 | Build | House |
| 28:40 | Queue | Villager (Male) |
| 28:44 | Queue | Monk |
| 28:49 | Queue | Villager (Male) |
| 28:51 | Build | Farm |
| 28:52 | Build | Farm |
| 28:52 | Build | Farm |
| 28:52 | Build | Farm |
| 28:53 | Build | Farm |
| 29:00 | Build | Farm |
| 29:00 | Build | Farm |
| 29:00 | Build | Farm |
| 29:00 | Build | Farm |
| 29:04 | Research | Horse Collar |
| 29:26 | Queue | Villager (Male) |
| 29:33 | Queue | Monk |
| 29:33 | Queue | Monk |
| 29:40 | Research | Fervor |
| 29:44 | Build | Outpost |
| 29:45 | Research | Town Watch |
| 29:47 | Queue | Villager (Male) |
| 29:52 | Queue | Villager (Male) |
| 29:52 | Queue | Villager (Male) |
| 29:52 | Queue | Villager (Male) |
| 29:58 | Build | Farm |
| 30:00 | Queue | Villager (Male) |
| 30:40 | Build | Outpost |
| 30:43 | Queue | Villager (Male) |
| 30:44 | Queue | Hussite Wagon |
| 30:53 | Queue | Villager (Male) |
Build order — eloty
First 150 of 392 actions detected
| 0:00 | Queue | Villager (Male) |
| 0:02 | Build | House |
| 0:02 | Build | House |
| 0:15 | Queue | Villager (Male) |
| 0:18 | Queue | Villager (Male) |
| 0:24 | Queue | Villager (Male) |
| 1:26 | Queue | Villager (Male) |
| 1:44 | Build | Lumber Camp |
| 2:00 | Queue | Villager (Male) |
| 2:23 | Queue | Villager (Male) |
| 2:49 | Queue | Villager (Male) |
| 3:15 | Queue | Villager (Male) |
| 3:15 | Queue | Villager (Male) |
| 3:29 | Build | House |
| 3:33 | Queue | Villager (Male) |
| 4:09 | Queue | Villager (Male) |
| 4:15 | Queue | Villager (Male) |
| 4:38 | Queue | Villager (Male) |
| 5:24 | Queue | Villager (Male) |
| 5:29 | Queue | Villager (Male) |
| 5:53 | Build | Mining Camp |
| 6:04 | Research | Loom |
| 6:40 | Research | Feudal Age |
| 6:41 | Research | Feudal Age |
| 8:30 | Build | House |
| 8:46 | Queue | Villager (Male) |
| 8:51 | Age | Feudal Age |
| 8:58 | Queue | Villager (Male) |
| 9:13 | Build | Watch Tower |
| 9:16 | Queue | Villager (Male) |
| 9:28 | Build | Watch Tower |
| 9:33 | Queue | Villager (Male) |
| 10:02 | Queue | Villager (Male) |
| 10:08 | Build | Blacksmith |
| 10:24 | Queue | Villager (Male) |
| 10:40 | Build | House |
| 11:06 | Build | Watch Tower |
| 11:28 | Queue | Villager (Male) |
| 11:32 | Build | Mill |
| 11:56 | Build | Watch Tower |
| 11:59 | Build | House |
| 12:03 | Research | Fletching |
| 12:07 | Queue | Villager (Male) |
| 12:08 | Queue | Villager (Male) |
| 13:12 | Build | Watch Tower |
| 13:16 | Queue | Villager (Male) |
| 13:25 | Build | Farm |
| 13:26 | Build | Farm |
| 13:27 | Queue | Villager (Male) |
| 14:07 | Queue | Villager (Male) |
| 14:08 | Queue | Villager (Male) |
| 14:24 | Queue | Villager (Male) |
| 14:29 | Build | Farm |
| 14:29 | Queue | Villager (Male) |
| 14:31 | Build | Farm |
| 14:33 | Queue | Villager (Male) |
| 14:40 | Build | House |
| 15:17 | Build | Farm |
| 15:54 | Queue | Villager (Male) |
| 16:18 | Build | Farm |
| 16:19 | Queue | Villager (Male) |
| 16:22 | Build | Farm |
| 16:46 | Queue | Villager (Male) |
| 16:51 | Build | Farm |
| 17:21 | Build | House |
| 17:25 | Build | Farm |
| 18:02 | Queue | Villager (Male) |
| 18:09 | Build | Farm |
| 18:13 | Queue | Villager (Male) |
| 18:45 | Queue | Villager (Male) |
| 19:10 | Build | Watch Tower |
| 19:27 | Queue | Villager (Male) |
| 19:30 | Build | Mining Camp |
| 19:58 | Build | House |
| 20:00 | Build | House |
| 20:05 | Queue | Villager (Male) |
| 20:23 | Queue | Villager (Male) |
| 20:44 | Build | Watch Tower |
| 20:46 | Queue | Villager (Male) |
| 20:52 | Build | Market |
| 20:58 | Queue | Villager (Male) |
| 21:42 | Research | Castle Age |
| 21:42 | Research | Castle Age |
| 21:45 | Research | Double-Bit Axe |
| 21:45 | Research | Double-Bit Axe |
| 22:20 | Build | Watch Tower |
| 22:23 | Build | House |
| 22:41 | Build | Mining Camp |
| 23:25 | Build | House |
| 23:39 | Queue | Villager (Male) |
| 23:44 | Build | Farm |
| 24:22 | Queue | Villager (Male) |
| 24:22 | Age | Castle Age |
| 24:26 | Build | Town Center |
| 24:44 | Build | House |
| 24:46 | Build | Palisade Wall |
| 25:05 | Queue | Villager (Male) |
| 25:10 | Build | House |
| 25:13 | Queue | Villager (Male) |
| 25:27 | Build | Monastery |
| 25:28 | Queue | Villager (Male) |
| 25:35 | Research | Gold Mining |
| 26:40 | Queue | Monk |
| 26:41 | Queue | Villager (Male) |
| 26:54 | Build | Stone Wall |
| 27:10 | Build | House |
| 27:23 | Queue | Villager (Male) |
| 27:32 | Build | Town Center |
| 27:32 | Queue | Villager (Male) |
| 27:41 | Queue | Villager (Male) |
| 27:44 | Research | Wheelbarrow |
| 28:31 | Build | Castle |
| 28:32 | Queue | Villager (Male) |
| 28:33 | Queue | Villager (Male) |
| 28:36 | Build | Farm |
| 28:38 | Build | Farm |
| 28:41 | Build | Farm |
| 28:42 | Build | Farm |
| 28:42 | Queue | Villager (Male) |
| 28:44 | Build | Farm |
| 28:46 | Build | Farm |
| 28:47 | Queue | Villager (Male) |
| 28:51 | Queue | Villager (Male) |
| 28:53 | Build | House |
| 28:57 | Build | Farm |
| 28:58 | Build | Farm |
| 28:59 | Queue | Villager (Male) |
| 29:20 | Queue | Villager (Male) |
| 29:29 | Build | Siege Workshop |
| 29:32 | Queue | Villager (Male) |
| 29:37 | Queue | Villager (Male) |
| 29:41 | Queue | Villager (Male) |
| 29:45 | Research | Redemption |
| 29:47 | Queue | Villager (Male) |
| 29:51 | Build | Farm |
| 29:56 | Queue | Monk |
| 30:22 | Queue | Teutonic Knight |
| 30:29 | Queue | Villager (Male) |
| 30:31 | Queue | Villager (Male) |
| 30:40 | Queue | Monk |
| 30:40 | Queue | Villager (Male) |
| 30:46 | Build | Farm |
| 30:47 | Build | Farm |
| 30:47 | Queue | Villager (Male) |
| 30:53 | Build | Farm |
| 30:54 | Build | Farm |
| 30:55 | Build | Farm |
| 31:01 | Build | Farm |
| 31:02 | Queue | Villager (Male) |
| 31:11 | Queue | Villager (Male) |
Match timeline
| 8:51 | eloty · age_up feudal |
| 10:32 | Mescal · age_up feudal |
| 14:41 | Mescal · age_up castle |
| 16:35 | Mescal · first_market_buy 100 food |
| 18:08 | Mescal · first_building Castle |
| 19:19 | Mescal · wall_segment Stone Wall x6 |
| 19:21 | Mescal · wall_segment Stone Wall x2 |
| 19:40 | Mescal · wall_segment Stone Wall x5 |
| 21:09 | Mescal · wall_segment Stone Wall x6 |
| 21:41 | eloty · first_market_sell 100 food |
| 22:33 | Mescal · wall_segment Stone Wall x5 |
| 23:51 | Mescal · first_building Siege Workshop |
| 24:22 | eloty · age_up castle |
| 24:46 | eloty · wall_segment Palisade Wall x1 |
| 25:21 | eloty · first_market_buy 100 wood |
| 25:27 | eloty · first_building Monastery |
| 26:54 | eloty · wall_segment Stone Wall x1 |
| 27:56 | Mescal · first_building Monastery |
| 28:31 | eloty · first_building Castle |
| 29:29 | eloty · first_building Siege Workshop |
| 33:52 | eloty · first_building Barracks |
| 34:03 | Mescal · first_market_sell 100 wood |
| 34:47 | eloty · first_building Stable |
| 36:40 | eloty · age_up imperial |
| 37:17 | Mescal · age_up imperial |
| 39:15 | Mescal · wall_segment Stone Wall x4 |
| 41:50 | Mescal · first_building Barracks |
| 42:23 | Mescal · first_building Archery Range |
| 43:24 | Mescal · wall_segment Stone Wall x4 |
| 48:10 | Mescal · resign |
[ AI ANALYSIS · 1 CREDIT ]
What really happened in this match?
Wolo.gg analyzes every decision: build order, eco, micro, common mistakes by bracket. Personalized analysis on WhatsApp or Discord in 30 seconds.
Civ guide
Bohemians
Perfil
Jugador #4853771